woodfighter, neutral female human Healer -- -- ---.-- --.--- |.....-- .....| -....... .....-- .......-- --......-- .......--........-- .- -............*......- --........!.h........ G h |.......hasG.....- G -......u@a......| -- |...%Ia-- -- G |...f.-- G G ----.a... a G --.---- G --- woodfighter the Embalmer Experience level: 7 Strength: 12 Dexterity: 11 Constitution: 17 Intelligence: 11 Wisdom: 14 Charisma: 17 Health: 0(51) Energy: 38(51) Def: 6 Gold: 0 Moves: 7465 Dungeon seed: rh7TPyQ3zsr3Tj4p Game ID: woodfighter_1504819023 Your Inventory: Amulets W - an uncursed amulet of flying (being worn) Weapons a - a blessed +0 scalpel (weapon in hand) p - 15 +0 darts (in quiver) u - 20 cursed -1 darts Armor e - an uncursed +1 pair of leather gloves (being worn) q - an uncursed +0 dwarvish cloak r - an uncursed +0 mummy wrapping (being worn) y - an uncursed +0 elven mithril-coat z - an uncursed +0 pair of jumping boots (being worn) N - an uncursed +0 studded leather armor (being worn) Y - an uncursed +0 dwarvish cloak Comestibles c - an uncursed tripe ration h - an uncursed food ration j - 8 blessed eucalyptus leaves k - 3 blessed sprigs of wolfsbane l - 2 blessed cloves of garlic m - 3 uncursed apples S - an uncursed lichen corpse V - 2 uncursed oranges Potions B - an uncursed potion of speed Rings n - an uncursed ring of shock resistance (on left hand) T - an uncursed ring of fire resistance (on right hand) Wands d - a wand of digging (0:5) f - a wand of sleep (0:6) Tools b - an uncursed stethoscope s - an uncursed sack A - an uncursed lock pick Contents of the sack: 14 gold pieces a [uncursed] scroll of enchant armor a [uncursed] scroll of enchant weapon a [uncursed] scroll of remove curse a [uncursed] scroll of stinking cloud a [uncursed] tallow candle [0:200] Spells and supernatural/magical abilities: Name Level Category Fail Memory h - healing 1 healing 0% 63% n - detect monsters 1 divination 13% 67% x - extra healing 3 healing 14% 63% S - stone to flesh 3 healing 30% 63% W - pray for help -- divine ? -- Y - supernatural jump -- ability ? -- Your skills at the end: Miscellaneous Skills wands [Basic] Weapon Skills knife [Basic] Spellcasting Skills healing spells [Basic] Final Attributes: You were piously aligned. You were fire resistant. You were shock resistant. You were poison resistant. You were blinded. Your writing hand was ok. You were telepathic. You were somewhat stealthy. You could jump. You could fly. You are dead. Vanquished creatures: a giant mimic a large mimic an orc-captain a brown pudding a dingo 3 housecats 4 human zombies 2 baby crocodiles a fog cloud a violet fungus 7 gnome lords 2 kobold mummies 3 golden naga hatchlings a gray ooze a paper golem 2 giant ants a floating eye 5 dwarves a homunculus an iguana 5 hill orcs a centipede 3 jitterbugs 2 giant bats a monkey 3 dwarf zombies a wererat 2 werejackals 5 killer bees 4 coyotes a gas spore 3 hobbits an acid blob a large kobold 4 geckos a hobgoblin a giant rat 5 cave spiders 2 yellow molds 3 green molds 17 gnomes a garter snake 25 jackals 5 kobolds 10 newts 4 goblins 7 sewer rats 16 grid bugs 2 bats 12 lichens 2 kobold zombies 190 creatures vanquished. Voluntary challenges: You did not cause conflict. You were not invisible. You did not have reflection. You were not displaced. You used a wielded weapon 391 times, starting on turn 1. You did not apply a unicorn horn. You did not use plumbed fixtures. You read items or engraved 2 times, starting on turn 837. You never genocided any monsters. You never polymorphed an object. You never changed form. You cheated 1 time but completed Sokoban on turn 5763. You used no wishes. You never split a pudding. You never wrote Elbereth's name. You never violated your personal moral code. Dungeon overview: The Dungeons of Doom: levels 1 to 7 Level 1 a fountain a long staircase Level 2 a general store, a fountain Level 3 a general store, a fountain Level 4 an altar to Hermes stairs to The Gnomish Mines Level 5 many fountains Level 6 (box) a fountain stairs to Sokoban Level 7 The Gnomish Mines: levels 5 to 7 Level 5 stairs to The Dungeons of Doom Level 6 Level 7 <- You were here Sokoban: levels 2 to 5 Level 2 a magic chest Level 3 a delicatessen, a magic chest Level 4 Level 5 an altar to Hermes, a magic chest stairs to The Dungeons of Doom History has recorded: On T:1 you entered the Dungeons of Doom to retrieve the Amulet of Yendor! On T:30 you reached level 2 of The Dungeons of Doom. On T:914 you reached level 3 of The Dungeons of Doom. On T:987 you advanced to experience level 2. On T:1489 you advanced to experience level 3. On T:1501 you reached level 4 of The Dungeons of Doom. On T:1560 you reached level 5 of The Dungeons of Doom. On T:1694 you reached level 1 of The Gnomish Mines. On T:2504 you prayed to Hermes. On T:2553 you reached level 6 of The Dungeons of Doom. On T:2604 you reached level 7 of The Dungeons of Doom. On T:2609 you advanced to experience level 4. On T:2698 you reached level 4 of Sokoban. On T:2910 you opened a magic chest. On T:3069 you advanced to experience level 5. On T:3749 you prayed to Hermes. On T:3930 you reached level 3 of Sokoban. On T:4218 you reached level 2 of Sokoban. On T:4624 you advanced to experience level 6. On T:4703 you reached level 1 of Sokoban. On T:5763 you entered the Sokoban zoo. On T:6767 you reached level 2 of The Gnomish Mines. On T:7248 you advanced to experience level 7. On T:7403 you reached level 3 of The Gnomish Mines. Score breakdown: Gold: 0 ( 0 points) Experience: 7 levels ( 600 points) Exploration: 7 levels ( 180 points) Discoveries: 20 items ( 1000 points) Variety of kills: 51 monsters ( 2000 points) Major goal: finished Sokoban ( 1000 points) Survival: died (score multiplied by 3) Total score: 14340 Latest messages: The orc-captain punches you! The orc-captain misses. Something scratches you! The killer bee misses. The killer bee stings! The killer bee's sting was poisoned, but it doesn't affect you. The killer bee stings! (2x) The giant spider bites! The giant spider moves its spinnerets around you. Something misses. The killer bee misses. The killer bee stings! The killer bee just misses! The giant spider bites! The giant spider's bite was poisoned, but it doesn't affect you. The giant spider just misses! The killer bee stings! The killer bee just misses! The killer bee stings! You dig a hole through the floor. The killer bee just misses! The killer bee stings! (2x) The gnome is hit. The giant spider bites! You die... Final status: Goodbye woodfighter the Healer, killed by a giant spider... You died in The Gnomish Mines on dungeon level 7 with 14340 points, and 14 pieces of gold, after 7465 moves. You were level 7 with a maximum of 51 hit points when you died.